 Dungeon Crawl Stone Soup version 0.24.0-125-gc4c63601f3 (webtiles) character file.

Game seed: 7344384720547664350, levelgen mode: deterministic

200 hazymike the Magician (level 5, 0/32 HPs)
             Began as a Deep Elf Wanderer on Feb 24, 2020.
             Was an Initiate of Dithmenos.
             Succumbed to a worker ant's poison
             ... on level 6 of the Dungeon.
             The game lasted 00:25:00 (4175 turns).

hazymike the Magician (Deep Elf Wanderer)           Turns: 4175, Time: 00:25:00

Health: 0/32       AC:  7    Str: 10    XL:     5   Next: 49%
Magic:  13/13      EV: 17    Int: 20    God:    Dithmenos [......]
Gold:   146        SH:  5    Dex: 16    Spells: 12/12 levels left

rFire    + . .     SeeInvis .   a - +3 dagger
rCold    + . .     Gourm    .   w - +1 buckler
rNeg     . . .     Faith    .   p - +3 leather armour
rPois    .         Spirit   .   (no helmet)
rElec    .         Reflect  .   r - scarf {rC+ rF+}
rCorr    .         Harm     .   (no gloves)
MR       .....                  q - +0 pair of boots
Stlth    +++.......             c - amulet of magic regeneration
HPRegen  0.10/turn              (no ring)
MPRegen  0.38/turn              (no ring)

@: agile, lethally poisoned (0 -> -2), berserk cooldown, very slightly
contaminated, hasted and slowed, studying Crossbows
A: no striking features
a: Renounce Religion


You were on level 6 of the Dungeon.
You worshipped Dithmenos.
Dithmenos was noncommittal.
You were not hungry.

You visited 1 branch of the dungeon, and saw 6 of its levels.

You collected 146 gold pieces.

Inventory:

Hand Weapons
 a - a +3 dagger (weapon)
Missiles
 i - 127 stones
 k - 3 boomerangs
 m - 71 arrows
 x - 22 poisoned darts (quivered)
Armour
 j - a cursed +0 chain mail
 p - a +3 leather armour (worn)
 q - a +0 pair of boots (worn)
 r - a scarf of resistance (worn)
 w - a +1 buckler (worn)
Jewellery
 c - an amulet of magic regeneration (around neck)
Wands
 z - a wand of iceblast (9)
Scrolls
 f - a scroll of teleportation
 l - a scroll of blinking
 n - a scroll of remove curse
 y - 2 scrolls of enchant weapon
Potions
 h - 2 potions of haste
 u - 2 potions of brilliance
Books
 C - a manual of Crossbows
Comestibles
 g - 9 rations


   Skills:
 + Level 3.1 Fighting
 * Level 3.3 Short Blades
 - Level 1.0 Throwing
 + Level 2.5 Dodging
 - Level 3.0 Stealth
 + Level 0.9 Shields
 - Level 4.4 Spellcasting
 + Level 1.6 Invocations


You had 12 spell levels left.
You didn't know any spells.
Your spell library was empty.

Dungeon Overview and Level Annotations

Branches:
Dungeon (6/15)
 Temple: D:4-7

Altars:
Dithmenos
Fedhas
Kikubaaqudgha

Annotations:
D:4 Menkaure
D:5 Dowan, Duvessa


Message History

* * * LOW HITPOINT WARNING * * *
You feel sick.
You see here a worker ant corpse.
You butcher the worker ant corpse.
You see here 3 chunks of flesh.
Eat one of 3 chunks of flesh? (ye/n/q)
You eat one of the 3 chunks of flesh.
This raw flesh tastes terrible.
You flicker for a moment.
* * * LOW HITPOINT WARNING * * *
You feel sick.
There is a stone staircase leading up, spattered with blood here.
You see here 2 chunks of flesh.
Okay, then.
* * * LOW HITPOINT WARNING * * *
You feel sick.
There is a stone staircase leading up, spattered with blood here.
You flicker back into view.
* * * LOW HITPOINT WARNING * * *
You feel sick.
You die...

##########
.........#
.........#
.........+
.........#
.........#
.......@.#
.......%.#
...............
[..............
$..............
...............
..........$....
...............
...............


There were no monsters in sight!

Vanquished Creatures
  3 worker ants
  5 adders
  3 oozes
  4 worms
  3 leopard geckos (D:2)
  An orc (D:4)
  6 bats
  3 giant cockroaches
  3 goblins
  7 hobgoblins
  4 jackals (D:3)
  4 kobolds
  2 quokkas (D:1)
  7 frilled lizards
  6 rats
61 creatures vanquished.

Notes
Turn   | Place    | Note
-------+----------+-------------------------------------------
     0 | D:1      | hazymike the Deep Elf Wanderer began the quest for the Orb.
     0 | D:1      | hazymike set off with the following items: a +2 dagger, a
                  | potion of berserk rage, a potion of curing, 11 poisoned
                  | darts, a +0 dagger, a +0 robe, a ration
     0 | D:1      | Reached XP level 1. HP: 13/13 MP: 7/7
   467 | D:1      | Reached XP level 2. HP: 18/18 MP: 9/9
  1017 | D:2      | Reached skill level 1 in Dodging
  1288 | D:1      | Reached XP level 3. HP: 17/22 MP: 10/10
  1515 | D:2      | Found a shadowy altar of Dithmenos.
  1549 | D:2      | Became a worshipper of Dithmenos the Shadowed
  1919 | D:2      | Reached XP level 4. HP: 27/27 MP: 12/12
  2573 | D:3      | Reached skill level 1 in Invocations
  2708 | D:3      | Found a blossoming altar of Fedhas.
  2708 | D:3      | Found an ancient bone altar of Kikubaaqudgha.
  2815 | D:3      | Found a faded altar of an unknown god.
  3413 | D:4      | Noticed Menkaure
  3670 | D:4      | Reached XP level 5. HP: 32/32 MP: 13/13
  3924 | D:5      | Entered Level 5 of the Dungeon
  4092 | D:5      | Noticed Duvessa
  4092 | D:5      | Noticed Dowan
  4167 | D:6      | HP: 1/32 [poisoned by a worker ant]
  4175 | D:6      | Succumbed to a worker ant's poison

Levels and vault maps discovered:
D:1:      giann_wishing_wells, layout_loops_corners,
          chequers_serial_rivers_marsh
D:2:      layout_rooms, nicolae_dithmenos_shadow_blocks
D:3:      layout_basic, grunt_temple_overflow_growth_and_decay, first_ration,
          chequers_ecumenical_altar_island
D:4:      layout_loops_ring, minmay_manual_monstrance, uniq_edmund,
          uniq_menkaure
D:5:      layout_gridville, serial_shops, shop, chequers_garden,
          lemuel_angel_altar, uniq_duvessa, uniq_sigmund
D:6:      layout_gridville, minmay_temple_entry_junction, serial_shops, shop,
          minivault_4, kennysheep_minor_cross, uniq_prince_ribbit1

Skill      XL: |  1  2  3  4 |
---------------+-------------+-----
Dodging        | 1 2 |  2.5
Short Blades   | 2 3 |  3.3
Stealth        | 3 |  3.0
Invocations    | 1 |  1.6
Fighting       | 3 |  3.1
Throwing       | |  1.0
Shields        | |  0.9
Spellcasting   | |  4.4

Action                   |  1- 3 |  4- 6 || total
-------------------------+-------+-------++-------
Melee: Dagger            |    67 |    79 ||   146
Throw: Dart              |    81 |    47 ||   128
       Stone             |       |     1 ||     1
  Use: Potion            |     1 |     7 ||     8
       Scroll            |       |    12 ||    12
 Stab: Sleeping          |       |     1 ||     1
  Eat: Chunk             |     3 |     7 ||    10
Armor: Robe              |     2 |       ||     2
       Leather armour    |    29 |    19 ||    48
Dodge: Dodged            |    45 |    36 ||    81
Block: Buckler           |       |    11 ||    11
